 Dungeon Crawl Stone Soup version 0.21.1-1-g345015f (webtiles) character file.

723 sking99 the Cudgeler (level 7, -15/63 HPs)
             Began as a Minotaur Fighter on June 28, 2018.
             Was a Priest of Lugonu.
             Demolished by an ogre
             ... wielding a +0 giant club
              (26 damage)
             ... on level 5 of the Dungeon.
             The game lasted 00:10:06 (5236 turns).

sking99 the Cudgeler (Minotaur Fighter)             Turns: 5236, Time: 00:10:06

Health: -15/63     AC:  9    Str: 20    XL:     7   Next: 43%
Magic:  8/8        EV:  5    Int:  5    God:    Lugonu [***...]
Gold:   460        SH:  9    Dex: 12    Spells: 6/6 levels left

rFire    . . .     SeeInvis .   a - +0 flail
rCold    . . .     Gourm    .   c - +0 shield
rNeg     . . .     Faith    .   j - +0 chain mail
rPois    .         Spirit   .   (helmet restricted)
rElec    .         Reflect  .   (no cloak)
rCorr    .         Harm     .   (no gloves)
MR       .....                  (no boots)
Stlth    ..........             (no amulet)
HPRegen  0.20/turn              (no ring)
MPRegen  0.11/turn              (no ring)

@: drained
A: retaliatory headbutt, horns 2
a: Depart the Abyss, Bend Space, Banish, Renounce Religion


You were on level 5 of the Dungeon.
You worshipped Lugonu.
Lugonu was most pleased with you.
You were not hungry.

You visited 1 branch of the dungeon, and saw 5 of its levels.
You also visited: Ossuary.

You collected 460 gold pieces.

Inventory:

Hand Weapons
 a - a +0 flail (weapon)
Missiles
 B - a throwing net (quivered)
Armour
 b - a +0 scale mail
 c - a +0 shield (worn)
 j - a +0 chain mail (worn)
Jewellery
 l - an uncursed ring of flight {unknown}
 s - a cursed ring of teleportation {unknown}
 u - an uncursed ring of poison resistance {unknown}
 x - an uncursed ring of fire {unknown}
Wands
 z - a wand of enslavement (11)
Scrolls
 e - 9 scrolls of remove curse
 g - a scroll of vulnerability {unknown}
 h - 2 scrolls of blinking {unknown}
 m - 4 scrolls of enchant armour
 r - a scroll of identify
 t - 3 scrolls of teleportation
 y - a scroll of enchant weapon
Potions
 d - 4 potions of might
 i - 3 potions of agility
 k - 3 potions of lignification {unknown}
 n - a potion of cancellation {unknown}
 o - a potion of heal wounds
 p - a potion of haste {unknown}
 q - a potion of brilliance
 v - 7 potions of curing
 w - 2 potions of magic
 A - a potion of berserk rage {unknown}
Comestibles
 f - 8 rations
 C - 5 chunks of flesh


   Skills:
 + Level 6.2(5.9) Fighting
 * Level 7.7(7.4) Maces & Flails
 - Level 3.6(3.3) Armour
 - Level 3.6(3.3) Shields
 + Level 3.2(2.9) Invocations


You had 6 spell levels left.
You didn't know any spells.

Dungeon Overview and Level Annotations

Branches:
Dungeon (5/15)
 Temple: D:4-7

Altars:
Cheibriados
Gozag
Hepliaklqana
Sif Muna
Xom
The Shining One
Lugonu

Annotations:
D:4 1 exclusion, Blork the orc


Innate Abilities, Weirdness & Mutations

You reflexively headbutt those who attack you in melee.
You have a pair of horns on your head.


Message History

Okay, then.
An ogre is nearby!
You hit the ogre. You headbutt the ogre.
The ogre is moderately wounded.
The ogre hits you with a giant club.
Your shield and chain mail prevent you from hitting the ogre.
The ogre is moderately wounded.
The ogre hits you with a giant club!
You hit the ogre.
You headbutt the ogre, but do no damage.
The ogre is moderately wounded.
The ogre barely misses you.
You completely miss the ogre.
The ogre is moderately wounded.
The ogre hits you with a giant club!!
* * * LOW HITPOINT WARNING * * *
You hit the ogre. You headbutt the ogre.
The ogre is severely wounded.
The ogre hits you with a giant club!!
You die...

##.......(..#
...........#
###.........#
............#
..........!.#.#
#............# #.#
#. #O# #.# #@# #.#
###.# #.# #...# #.#
#.### #### #.# #.#
...# #.#####.###.#
##.#####...........#
#.............#####
###############


You could see an ogre.

Vanquished Creatures
  An ogre (D:4)
  A howler monkey (D:5)
  An orc priest (D:4)
  An iguana (D:4)
  2 orc wizards (D:4)
  6 worker ants
  8 mummies (Ossuary)
  9 adders
  8 gnolls
  2 oozes (D:1)
  An adder skeleton (D:4)
  2 worms
  3 dart slugs
  A leopard gecko (D:1)
  5 orcs
  2 ball pythons
  3 giant cockroaches
  2 gnoll zombies (Ossuary)
  3 goblins
  5 hobgoblins
  6 jackals
  A quokka (D:4)
  4 bats
  A frilled lizard (D:4)
  A hobgoblin zombie (Ossuary)
  A jackal skeleton (D:4)
  5 kobolds
  3 kobold zombies (Ossuary)
  2 orc zombies (Ossuary)
  7 rats
97 creatures vanquished.

Notes
Turn   | Place    | Note
-------+----------+-------------------------------------------
     0 | D:1      | sking99 the Minotaur Fighter began the quest for the Orb.
     0 | D:1      | Reached XP level 1. HP: 19/19 MP: 0/0
    19 | D:1      | Reached skill level 3 in Maces & Flails
    97 | D:1      | Reached XP level 2. HP: 27/27 MP: 1/1
   400 | D:1      | Reached XP level 3. HP: 33/33 MP: 2/2
   613 | D:1      | Reached skill level 4 in Maces & Flails
  1020 | D:2      | Found a faded altar of an unknown god.
  1057 | D:2      | Became a worshipper of Lugonu the Unformed
  1057 | D:2      | Reached * piety under Lugonu
  1057 | D:2      | Reached ** piety under Lugonu
  1447 | D:2      | Reached XP level 4. HP: 33/41 MP: 3/3
  2238 | D:3      | Found a glowing golden altar of the Shining One.
  2280 | D:3      | Reached skill level 5 in Maces & Flails
  2419 | D:3      | Found a shimmering altar of Xom.
  2421 | D:3      | Found an iron altar of Okawaru.
  2421 | D:3      | Found a shimmering altar of Xom.
  2423 | D:3      | Found an opulent altar of Gozag.
  2423 | D:3      | Found a snail-covered altar of Cheibriados.
  2423 | D:3      | Found an opulent altar of Gozag.
  2555 | D:4      | Reached XP level 5. HP: 43/47 MP: 4/4
  2603 | D:4      | Reached skill level 1 in Invocations
  2606 | D:4      | Reached skill level 5 in Fighting
  2965 | D:4      | Found a sand-covered staircase.
  2971 | Ossuary  | Entered an ossuary
  3030 | Ossuary  | Reached skill level 6 in Maces & Flails
  3033 | Ossuary  | Reached *** piety under Lugonu
  3033 | Ossuary  | Reached XP level 6. HP: 27/56 MP: 6/6
  3801 | D:4      | Noticed Blork the orc
  3939 | D:4      | Found a hazy altar of Hepliaklqana.
  4136 | D:4      | Found a deep blue altar of Sif Muna.
  4819 | D:4      | Reached skill level 7 in Maces & Flails
  4819 | D:4      | Reached XP level 7. HP: 47/62 MP: 6/8
  4858 | D:5      | Entered Level 5 of the Dungeon
  5236 | D:5      | Demolished by an ogre

Skill      XL: |  1  2  3  4  5  6  7 |
---------------+----------------------+-----
Maces & Flails | 3 4 5 6 7 |  7.7
Fighting       | 4 5 6 |  6.2
Invocations    | 1 2 3 |  3.2
Armour         | |  3.6
Shields        | |  3.6

Action                   |  1- 3 |  4- 6 |  7- 9 || total
-------------------------+-------+-------+-------++-------
Melee: Flail             |    65 |   189 |    62 ||   316
       Headbutt          |     7 |    31 |    12 ||    50
Invok: Bend Space        |       |     5 |       ||     5
  Use: Scroll            |       |    13 |       ||    13
       Potion            |       |     1 |       ||     1
  Eat: Chunk             |     1 |     8 |     2 ||    11
       Ration            |       |     1 |       ||     1
Armor: Scale mail        |     4 |       |       ||     4
       Chain mail        |    27 |    83 |    24 ||   134
Dodge: Dodged            |    16 |    40 |     5 ||    61
Block: Shield            |    29 |    83 |    24 ||   136
